 Dungeon Crawl Stone Soup version 0.32-a0-314-g526f7d4993 (webtiles) character file.

Game seed: 1648154186061080417

140 kae the Changeling (level 5, -18/37 HPs)
             Began as a Demonspawn Shapeshifter on Feb 14, 2024.
             Demolished by an ogre
             ... wielding a +0 giant club
              (26 damage)
             ... on level 3 of the Dungeon on Feb 15, 2024.
             The game lasted 00:02:42 (1780 turns).

kae the Changeling (Demonspawn Shapeshifter)        Turns: 1780, Time: 00:02:43

Health: -18/37     AC:  2    Str: 14    XL:     5   Next: 2%
Magic:  5/5        EV: 12    Int: 11    God:
Gold:   135        SH:  0    Dex: 14    Spells: 4/4 levels left

rFire   . .          .
                       - Unarmed
rCold   . . .        (no shield)
rNeg    . . .        a - +0 animal skin
rPois   .            (helmet currently unavailable)
rElec   .            (cloak currently unavailable)
rCorr   .            (gloves currently unavailable)
SInv    .            (boots currently unavailable)
Will    .....        A - amulet of the acrobat
Stlth   +            (no ring)
HPRegen 0.26/turn    (no ring)
MPRegen 0.09/turn

%: acrobat
@: beast-form
A: beast (slay +2), hooves 1, horns 1
a: Begin Untransformation


You were on level 3 of the Dungeon.
You were a hulking beast.
You visited 1 branch of the dungeon, and saw 3 of its levels.

You collected 135 gold pieces.


Innate Abilities, Weirdness & Mutations

You are a hulking beast.
Your limbs bulge with bestial killing power. (Slay +2)
You have large cloven feet.
You have a pair of small horns on your head.


   Skills:
 - Level 1.0 Fighting
 - Level 1.7 Dodging
 - Level 2.6 Unarmed Combat
 + Level 4.9 Shapeshifting


You had 4 spell levels left.
You didn't know any spells.
Your spell library was empty.

Inventory:

Missiles
 f - 8 stones (quivered)
 o - 4 boomerangs
 q - a throwing net {=f!f}
Armour
 a - a +0 animal skin (worn)
Magical Staves
 i - a staff of earth {!a}
   (You found it on level 1 of the Dungeon)
Jewellery
 A - an amulet of the acrobat (around neck)
   (You found it on level 1 of the Dungeon)
Talismans
 c - a beast talisman (active)
 d - a flux talisman
Scrolls
 h - 2 scrolls of immolation {!r!r}
 j - a scroll of enchant armour
 k - a scroll of torment {!r}
 n - a scroll of enchant weapon
 p - a scroll of fear
Potions
 b - 2 potions of lignification {!q}
 g - 4 potions of mutation {!q}
 l - a potion of enlightenment
 m - 2 potions of resistance

Dungeon Overview and Level Annotations

Branches:
Dungeon (3/15) Zot: 16225

Altars:

Annotations:
D:3 Grinder

# .# ##.#. ......#
###++# .#.#..# #......
......# ##......
..#...# ##.....♣
..#...#########......♣
......#.....##...O...♣
####..#.###.#...h....♣
#..........#.......♣♣
#.#.†....#.#......♣♣
##.#......#.'..♣♣♣♣♣
...#......#.'..♣
#..#......#.#......
#..#......#.#.......
#..#.#..#.#.#.......
#..#......#.##......


You could see an ogre.


Message History

😨 HP[+1]
There is a stone staircase leading down here. 😮 HP[+7]
You regained 7 hp, and now have 23/32 hp.
Done exploring. 😕 HP[+4]
You regained 4 hp, and now have 27/32 hp.
You climb downwards.
Level annotation: Grinder
There is a stone staircase leading up here.
There are monsters nearby!
The bat hits you but does no damage. The bat completely misses you. 😕 HP[+1]
The bat misses you. The adder misses you.
You barely miss the adder.
You headbutt the adder, but do no damage.
The bat hits you but does no damage. The adder misses you.
You barely miss the adder. The bat hits you but does no damage.
The adder misses you. The adder closely misses you.
You hit the adder. Your kick misses the adder. Your punch misses the adder.
The bat barely misses you. The adder barely misses you. 😕 HP[+1]
You hit the adder. Your kick misses the adder. The bat misses you.
The adder barely misses you. The bat hits you but does no damage.
A rat comes into view.
You miss the adder.
The rat squeaks loudly.
You kick the adder.
You kill the adder!
The bat hits you but does no damage. The bat completely misses you.
The bat closely misses you.
You see here an adder corpse. 😕 HP[+1]
You hit the bat.
You kill the bat!
The rat bites you.
You closely miss the rat. You kick the rat.
You kill the rat!
You have reached level 5! 😕 HP[+4] MP[+1]
You now have 37 max hp (+5).
You regained 4 hp, and now have 34/37 hp.
Your mp is fully restored (5).
An endoplasm comes into view. 😎 HP[+3]
Your hp is fully restored (37).
An endoplasm is nearby!
An endoplasm is nearby!
The endoplasm quivers.
The endoplasm freezes you.
You are frozen. 😕 HP[-1]
You take 1 damage, and now have 36/37 hp.
You barely miss the endoplasm. You kick the endoplasm.
You kill the endoplasm!
No target in view!
No target in view!
No target in view!
Found a glowing golden altar of the Shining One. 😎 HP[+1]
Your hp is fully restored (37).
No target in view!
No target in view!
You open the door.
There is an open door here.
There is an open door here.
A ball python comes into view.
The ball python hisses angrily.
A ball python is nearby!
The ball python bites you but does no damage.
The ball python closely misses you.
You hit the ball python.
You kill the ball python!
No target in view!
You open the large door.
An ogre comes into view. It is wielding a +0 giant club.
There is a large open door here.
An ogre is nearby!
The ogre hits you with a +0 giant club! 😮 HP[-15]
You take 15 damage, and now have 22/37 hp.
MASSIVE DAMAGE!! (PAUSE)
You are too injured to fight recklessly!
You are too injured to fight recklessly!
You are too injured to fight recklessly!
You are too injured to fight recklessly!
Unknown command.
You punch the ogre! The ogre closely misses you.
You hit the ogre. You kick the ogre. You headbutt the ogre.
You hit the ogre but do no damage. The ogre hits you with a +0 giant club!
* * * LOW HITPOINT WARNING * * *
😱 HP[-14]
You take 14 damage, and now have 8/37 hp.
MASSIVE DAMAGE!! (PAUSE)
You hit the ogre.
The ogre hits you with a +0 giant club!!
Ouch! That really hurt!
You die...

Skill      XL: |  1  2  3 |
---------------+----------+-----
Shapeshifting  | 3 4 |  4.9
Fighting       | |  1.0
Dodging        | |  1.7
Unarmed Combat | |  2.6

Action                     |  1- 3 |  4- 6 || total
---------------------------+-------+-------++-------
  Melee: Unarmed           |    81 |    56 ||   137
         Kick              |    13 |    15 ||    28
         Punch             |     2 |       ||     2
         Headbutt          |       |    10 ||    10
    Use: Scroll            |     3 |     5 ||     8
   Stab: Sleeping          |     1 |     1 ||     2
 Armour: Animal skin       |    31 |    32 ||    63
  Dodge: Dodged            |    54 |    33 ||    87

Levels and vault maps discovered:
D:1:      nagdon_arrival_double_spiral, layout_basic, minmay_crystal_room
D:2:      layout_loops_ring, feat_on_display
D:3:      layout_basic, tso_metal_star, kennysheep_cross_room, grunt_decor_cap,
          uniq_grinder

Notes
Turn   | Place    | Note
-------+----------+-------------------------------------------
     0 | D:1      | kae the Demonspawn Shapeshifter began the quest for the
                  | Orb.
     0 | D:1      | Reached XP level 1. HP: 15/15 MP: 1/1
     0 | D:1      | magus.rc [v1.11.3]
   121 | D:1      | Reached skill level 3 in Shapeshifting
   152 | D:1      | You feel monstrous as your demonic heritage exerts itself.
   152 | D:1      | Discovered your monstrous ancestry.
   152 | D:1      | Gained mutation: You have large cloven feet. [demonic
                  | ancestry]
   152 | D:1      | Reached XP level 2. HP: 21/21 MP: 2/2
   230 | D:1      | Upgraded the game from 0.32-a0-305-gcc768c7156 to
                  | 0.32-a0-314-g526f7d4993
   230 | D:1      | magus.rc [v1.11.3]
   316 | D:1      | Reached XP level 3. HP: 24/26 MP: 3/3
   491 | D:1      | Reached skill level 4 in Shapeshifting
   913 | D:2      | Gained mutation: You have a pair of small horns on your
                  | head. [demonic ancestry]
   913 | D:2      | Reached XP level 4. HP: 18/32 MP: 4/4
  1562 | D:3      | Noticed Grinder
  1655 | D:3      | Reached XP level 5. HP: 34/37 MP: 5/5
  1772 | D:3      | Noticed an ogre
  1779 | D:3      | HP: 8/37 [ogre/+0 giant club (15)]
  1780 | D:3      | Demolished by an ogre

Vanquished Creatures
  4 adders
  2 dart slugs
  3 ribbon worms (D:2)
  2 endoplasms
  6 giant cockroaches
  5 goblins
  8 hobgoblins
  4 quokkas
  5 ball pythons
  4 bats
  5 frilled lizards
  3 kobolds (D:1)
  4 rats
55 creatures vanquished.

Table legend:
 A = Non-vault XP
 B = Vault XP
 C = Vault XP percentage of total XP
 D = Non-vault monster count
 E = Vault monster count
 F = Vault count percentage of total count
                 A         B        C        D         E       F
            +---------+---------+-------+---------+---------+-------
      Total |     201 |       0 |   0.0 |      55 |       0 |   0.0
            +---------+---------+-------+---------+---------+-------
        D:1 |      80 |       0 |   0.0 |      30 |       0 |   0.0
        D:2 |      98 |       0 |   0.0 |      20 |       0 |   0.0
        D:3 |      23 |       0 |   0.0 |       5 |       0 |   0.0
            +---------+---------+-------+---------+---------+-------

Skill      XL: |  1  2  3 |
---------------+----------+-----
Shapeshifting  | 3 4 |  4.9
Fighting       | |  1.0
Dodging        | |  1.7
Unarmed Combat | |  2.6

Action                     |  1- 3 |  4- 6 || total
---------------------------+-------+-------++-------
  Melee: Unarmed           |    81 |    56 ||   137
         Kick              |    13 |    15 ||    28
         Punch             |     2 |       ||     2
         Headbutt          |       |    10 ||    10
    Use: Scroll            |     3 |     5 ||     8
   Stab: Sleeping          |     1 |     1 ||     2
 Armour: Animal skin       |    31 |    32 ||    63
  Dodge: Dodged            |    54 |    33 ||    87

Illustrated notes

Table legend:
 A = Kills in this place as a percentage of kills in the entire game.
 B = Kills by you in this place as a percentage of kills by you in the entire game.
 C = Kills by friends in this place as a percentage of kills by friends in the entire game.
 D = Other kills in this place as a percentage of other kills in the entire game.
 E = Experience gained in this place as a percentage of experience gained in the entire game.
 F = Experience gained in this place divided by the number of levels of this place that you have seen.
                   A       B       C       D       E      F
               +-------+-------+-------+-------+-------+----------------------
         Total | 100.0 | 100.0 |   N/A |   N/A | 100.0 |  67.0
       Dungeon | 100.0 | 100.0 |   N/A |   N/A | 100.0 |  67.0
               +-------+-------+-------+-------+-------+----------------------

Table legend: (Time is in decaauts)
 A = Elapsed time spent in this place.
 B = Non-inter-level travel time spent in this place.
 C = Inter-level travel time spent in this place.
 D = Time resting spent in this place.
 E = Time spent auto-exploring this place.
 F = Levels seen in this place.
 G = Mean time per level.
                   A        B        C        D        E       F      G
               +--------+--------+--------+--------+--------+-----+--------+
         Total |   1773 |   1703 |     70 |      0 |   1377 |   3 |  591.0 |
       Dungeon |   1773 |   1703 |     70 |      0 |   1377 |   3 |  591.0 |
               +--------+--------+--------+--------+--------+-----+--------+

Top non-repeatable levels by time:
     D:2: 859 daAuts
     D:1: 766 daAuts
     D:3: 148 daAuts
